 Dungeon Crawl Stone Soup version 0.28.0 (webtiles) character file.

Game seed: 9171906728629530695

41652 Hasart the Martial Artist (level 14, -4/111 HPs)
             Began as an Octopode Transmuter on Feb 17, 2022.
             Was an Initiate of Gozag.
             Succumbed to a green death's bolt of poison
             ... on level 2 of the Abyss.
             The game lasted 00:51:29 (26315 turns).

Hasart the Martial Artist (Octopode Transmuter)    Turns: 26315, Time: 00:51:30

Health: -4/111     AC: 13    Str: 16    XL:     14   Next: 16%
Magic:  21/25      EV: 13    Int: 17    God:    Gozag
Gold:   2226       SH:  5    Dex: 13    Spells: 5/27 levels left

rFire   + . .      SeeInvis +     - Unarmed
rCold   + + +      Faith    .   (shield currently unavailable)
rNeg    . . .      Spirit   .   (helmet currently unavailable)
rPois   +          Reflect  +   F - amulet "Ziosoxt" {Reflect Rampage Will++ Int-2 Slay+3 SH+5}
rElec   .          Harm     .   b - +4 ring of protection
rCorr   .          Rampage  +   l - ring of see invisible
Will    +++..      Rage     1%  m - ring of Qaucvih {rF++ Str+6}
Stlth   +.........              (no ring)
HPRegen 0.00/turn               (no ring)
MPRegen 0.19/turn               (no ring)
                                (no ring)
                                (no ring)

@: lethally poisoned (-4 -> -27), ice-form, sick
A: freezing attack, boosted hp, almost no armour, amphibious, 8 rings, large,
(camouflage 1), (gelatinous body 1), (nimble swimmer 1), (tentacles), berserk 1
a: End Transformation, Renounce Religion, Potion Petition, Call Merchant, Bribe
Branch


You were on level 2 of the Abyss.
You worshipped Gozag.
Gozag was most pleased with you.
You were a creature of crystalline ice.
You visited 4 branches of the dungeon, and saw 16 of its levels.
You visited the Abyss 1 time.
You also visited: Ossuary.

You collected 4711 gold pieces.
You spent 992 gold pieces at shops.
You paid 1493 gold pieces to Gozag.

Inventory:

Armour
 x - a +1 buckler
Jewellery
 b - a +4 ring of protection (left front paw)
 c - a ring of ice
 h - a ring of ice
 l - a ring of see invisible (right front paw)
 m - the ring of Qaucvih (on tentacle) {rF++ Str+6}
   (You acquired it on level 1 of the Lair of Beasts)

   [ring of strength]

   Str:       It affects your strength (+6).
   rF:        It greatly protects you from fire.
 F - the amulet "Ziosoxt" (around neck) {Reflect Rampage Will++ Int-2 Slay+3 SH+5}
   (You bought it in a shop on level 10 of the Dungeon)

   [amulet of reflection]

   It reflects blocked missile attacks.
   Int:       It affects your intelligence (-2).
   Slay:      It affects your accuracy & damage with ranged weapons and melee
   (+3).
   SH:        It affects your SH (+5).
   Rampage:   It bestows one free step when moving towards enemies.
   Will:      It greatly increases your willpower.
Wands
 f - a wand of iceblast (11)
 n - a wand of acid (14)
 C - a wand of flame (36)
 E - a wand of digging (16)
Scrolls
 a - 2 scrolls of magic mapping
 d - a scroll of amnesia
 j - 5 scrolls of identify
 k - a scroll of blinking
 q - a scroll of vulnerability
 r - 2 scrolls of fear
 t - 5 scrolls of teleportation
 y - a scroll of enchant armour
Potions
 e - 5 potions of curing
 g - a potion of might
 o - a potion of magic {unknown}
 p - 5 potions of heal wounds
 s - 2 potions of resistance
 u - a potion of flight {unknown}
 z - 2 potions of mutation
 A - a potion of haste
 B - 2 potions of brilliance
 D - a potion of lignification
 I - 2 potions of ambrosia
 K - a potion of cancellation
Miscellaneous
 G - a condenser vane


   Skills:
 + Level 7.9 Fighting
 + Level 8.1 Dodging
 * Level 11.5 Unarmed Combat
 + Level 7.4 Spellcasting
 + Level 4.4 Conjurations
 + Level 8.0 Transmutations
 + Level 8.7 Ice Magic
 * Level 8.2 Air Magic
 - Level 8.0 Poison Magic
 + Level 5.4 Evocations


You had 5 spell levels left.
You knew the following spells:

 Your Spells              Type           Power      Damage    Failure   Level
a - Mephitic Cloud        Conj/Pois/Air  29%        N/A       1%          3
b - Wereblood             Tmut           33%        N/A       1%          2
c - Spider Form           Tmut/Pois      33%        N/A       1%          3
d - Ice Form              Ice/Tmut       35%        N/A       3%          4
e - Storm Form            Tmut/Air       17%        N/A       97%         7
f - Swiftness             Air            34%        N/A       1%          3

Your spell library contained the following spells:

 Spells                   Type           Power      Damage    Failure   Level
 Beastly Appendage        Tmut           66%        N/A       1%          1
 Magic Dart               Conj           84%        1d7       1%          1
 Static Discharge         Conj/Air       27%        N/A       1%          2
 Ensorcelled Hibernation  Hex/Ice        42%        N/A       2%          2
 Passwall                 Tmut/Erth      16%        N/A       3%          2
 Animate Skeleton         Necr           12%        N/A       11%         1
 Apportation              Tloc           12%        N/A       11%         1
 Summon Small Mammal      Summ           24%        N/A       11%         1
 Blade Hands              Tmut           16%        N/A       11%         5
 Blink                    Tloc           12%        N/A       17%         2
 Call Imp                 Summ           6%         N/A       17%         2
 Irradiate                Conj/Tmut      13%        3d18      24%         5
 Sticky Flame             Conj/Fire      13%        2d4       41%         4
 Dispel Undead            Necr           6%         3d8       73%         4
 Manifold Assault         Tloc           6%         N/A       97%         5
 Summon Forest            Summ/Tloc      3%         N/A       97%         5
 Summon Mana Viper        Hex/Summ       6%         N/A       97%         5
 Conjure Ball Lightning   Conj/Air       13%        3x3d6     77%         6
 Dragon Form              Tmut           16%        N/A       98%         7
 Summon Cactus Giant      Summ           3%         N/A       100%        6
 Discord                  Hex            3%         N/A       100%        8
 Disjunction              Tloc           3%         N/A       100%        8


Dungeon Overview and Level Annotations

Branches:
Dungeon (10/15)            Temple (1/1) D:7            Lair (3/6) D:10
  Swamp (0/4) Lair:2       Spider (0/4) Lair:3          Orc (2/2) D:9
Ossuary (visited)
    Elf: Orc:2

Altars:
Ashenzari
Cheibriados
Dithmenos
Elyvilon
Fedhas
Gozag
Hepliaklqana
Kikubaaqudgha
Makhleb
Nemelex Xobeh
Okawaru
Qazlal
Ru
Sif Muna
Trog
Uskayaw
Vehumet
Wu Jian
Xom
Zin
Beogh

Shops:
D:8 *   D:10 =

Portals:
Trove: D:10 (give 5 potions of resistance)

Annotations:
Lair:3 Gastronok
Orc:2 Sonja


Innate Abilities, Weirdness & Mutations

You are a creature of crystalline ice.
You have a powerful freezing melee attack.
Your maximum health is increased.
Your armour is entirely melded.
You are incapable of wielding weapons or throwing items.
You cannot wear most types of armour.
You are amphibious.
You can wear up to eight rings at the same time.
((Your skin changes colour to match your surroundings (Stealth+).))
((Your rubbery body absorbs attacks. (AC +1, EV +1)))
((You are camouflaged when in or above water. (Stealth+)))
((You have tentacles for arms and can constrict up to eight enemies at once.))
You tend to lose your temper in combat.


Message History

You punch the neqoxec! You freeze the neqoxec.
The neqoxec is almost dead.
The neqoxec gestures at you.
Strange energies course through your body.
You feel a little pissed off.
You punch the neqoxec! You freeze the neqoxec.
You kill the neqoxec!
That felt strangely unrewarding.
An ice devil comes into view.
Unknown command.
You rampage towards the ice devil!
You pummel the ice devil!!
The ice devil is heavily wounded.
The ice devil hits you but does no damage.
You hit the ice devil.
The ice devil is heavily wounded.
The ice devil misses you.
You pummel the ice devil!!
You kill the ice devil!
That felt strangely unrewarding.
A small abomination comes into view.
You pummel the small abomination!! You freeze the small abomination.
You destroy the small abomination!
That felt strangely unrewarding.
A tentacled monstrosity comes into view.
A green death comes into view.
The green death roars!
Your transformation is almost over.
You warm up again.
A rakshasa comes into view. It is wielding a +0 long sword.
A large abomination comes into view.
The green death gestures at you. The bolt of poison hits you!!
You are poisoned.
* * * LOW HITPOINT WARNING * * *
Unknown command.
Casting: Ice Form (dangerous; 3% risk of failure)
Confirm with . or Enter, or press ? or * to list all spells.
You turn into a creature of crystalline ice.
You die...
Your body crumbles into a pile of gold.

#....... #
###....#..##
#...##...#.# ##
.##..#... #
#..#.#.2###......
#..#.##..######
#X.#R.... ##...#
#Y..## #.#### #.
#. .# #


You could see a tentacled monstrosity, a green death and a rakshasa.

Vanquished Creatures
  A dire elephant (Lair:1)
  Fannar (Orc:1)
  8 hydras
  A boulder beetle (Lair:3)
  2 anacondas (Lair:1)
  2 two-headed ogres
  Urug (Lair:2)
  An orc knight (D:9)
  A will-o-the-wisp (Lair:2)
  A cyclops (Orc:1)
  An elephant (Lair:3)
  8 black mambas
  9 cane toads
  4 rime drakes
  A kobold demonologist (D:8)
  3 komodo dragons
  An ice devil (Abyss:2)
  An ancient zyme (Abyss:2)
  3 trolls
  3 hornets
  8 blink frogs
  A dream sheep (Lair:3)
  2 large abominations (Abyss:2)
  Sigmund (D:5)
  47 yaks
  4 wyverns
  7 basilisks
  A neqoxec (Abyss:2)
  A small abomination (Abyss:2)
  4 steam dragons
  An acid dragon (D:10)
  2 wargs (D:10)
  18 water moccasins
  15 orc warriors
  4 black bears
  2 ice beasts
  A sky beast (D:7)
  A necrophage (D:6)
  6 wolves (Lair:3)
  13 ogres
  6 centaurs
  A phantom (D:6)
  2 elf zombies (Ossuary)
  17 bullfrogs
  12 kobold brigands
  A wyvern zombie (D:5)
  A scorpion (D:4)
  A water moccasin skeleton (D:6)
  10 killer bees
  5 wights (D:8)
  8 howler monkeys
  3 electric eels
  9 centaur zombies
  A human zombie (Ossuary)
  3 jellies
  A lava snake (D:8)
  An iron imp (Abyss:2)
  4 hounds
  6 orc priests
  A bullfrog skeleton (D:6)
  A scorpion zombie (D:5)
  3 iguanas
  4 orc wizards
  Ijyb (D:3)
  A killer bee zombie (D:9)
  A hound skeleton (D:4)
  2 mummies (Ossuary)
  4 gnolls (Orc:1)
  10 adders
  A howler monkey skeleton (D:7)
  A shadow imp (D:6)
  An ufetubus (D:6)
  3 adder zombies (Ossuary)
  A worm (D:3)
  2 dart slugs (D:3)
  64 orcs
  5 endoplasms
  5 giant cockroaches
  5 goblins
  10 hobgoblins
  6 jackals
  17 kobolds
  3 quokkas
  6 ball pythons
  5 bats
  2 frilled lizards
  8 hobgoblin zombies (Ossuary)
  A jackal zombie (Ossuary)
  11 kobold zombies (Ossuary)
  7 orc zombies (Ossuary)
  4 rats
  2 rat zombies (Ossuary)
  A butterfly (Lair:2)
  A lurking horror (Abyss:2)
484 creatures vanquished.

Vanquished Creatures (others)
  4 foxfires (Lair:2)
  22 fungi
  63 plants
89 creatures vanquished.

Grand Total: 573 creatures vanquished

Notes
Turn   | Place    | Note
-------+----------+-------------------------------------------
     0 | D:1      | Hasart the Octopode Transmuter began the quest for the Orb.
     0 | D:1      | Reached XP level 1. HP: 13/13 MP: 3/3
   429 | D:1      | Found a faded altar of an unknown god.
   442 | D:1      | Reached XP level 2. HP: 18/18 MP: 5/5
  1039 | D:2      | Reached XP level 3. HP: 13/23 MP: 6/6
  1206 | D:2      | Learned a level 2 spell: Wereblood
  1233 | D:2      | Learned a level 3 spell: Spider Form
  1752 | D:2      | Reached skill level 1 in Poison Magic
  1752 | D:2      | Reached XP level 4. HP: 8/28 MP: 7/7
  2681 | D:3      | Noticed Ijyb
  2694 | D:3      | Killed Ijyb
  3146 | D:3      | Reached XP level 5. HP: 30/34 MP: 2/8
  3311 | D:3      | Reached skill level 4 in Unarmed Combat
  3364 | D:3      | Found a stormy altar of Qazlal.
  3754 | D:4      | Reached XP level 6. HP: 27/39 MP: 9/9
  4243 | D:4      | Learned a level 4 spell: Ice Form
  4520 | D:4      | Found a shimmering blue altar of Sif Muna.
  4617 | D:5      | Entered Level 5 of the Dungeon
  4931 | D:5      | Reached skill level 1 in Ice Magic
  5153 | D:5      | Reached XP level 7. HP: 24/45 MP: 6/11
  5639 | D:5      | Reached skill level 5 in Unarmed Combat
  5770 | D:5      | Noticed Sigmund
  5784 | D:5      | Killed Sigmund
  5785 | D:5      | Reached XP level 8. HP: 46/51 MP: 9/12
  6895 | D:6      | Reached skill level 6 in Unarmed Combat
  7834 | D:7      | Found a staircase to the Ecumenical Temple.
  7843 | Temple   | Entered the Ecumenical Temple
  8039 | Temple   | Became a worshipper of Gozag Ym Sagoz the Greedy
  8068 | D:7      | Reached XP level 9. HP: 12/58 MP: 8/14
  8969 | D:7      | Reached skill level 5 in Poison Magic
  9555 | D:8      | Reached skill level 5 in Ice Magic
  9593 | D:8      | Found a sand-covered staircase.
  9699 | Ossuary  | Entered an ossuary
 10043 | Ossuary  | Reached skill level 7 in Unarmed Combat
 10301 | D:8      | Found a glowing silver altar of Zin.
 10303 | D:8      | Found a sparkling altar of Nemelex Xobeh.
 10336 | D:8      | Reached skill level 5 in Dodging
 10792 | D:8      | Noticed a two-headed ogre
 10805 | D:8      | Killed a two-headed ogre
 10806 | D:8      | Reached skill level 5 in Transmutations
 10806 | D:8      | Reached XP level 10. HP: 65/65 MP: 13/17
 10912 | D:8      | Bought a scroll labelled BOFIVE QUXUAFY for 26 gold pieces
 10912 | D:8      | Bought a scroll labelled PAIDUMU LAILO for 26 gold pieces
 10912 | D:8      | Bought a scroll labelled SOLOOCL TERCH for 26 gold pieces
 11159 | D:8      | Noticed a kobold demonologist
 11185 | D:8      | Killed a kobold demonologist
 11208 | D:8      | Reached skill level 5 in Spellcasting
 11217 | D:8      | Reached skill level 5 in Fighting
 11943 | D:8      | Learned a level 7 spell: Storm Form
 12021 | D:9      | Noticed a two-headed ogre
 12044 | D:9      | Killed a two-headed ogre
 12045 | D:9      | Reached skill level 8 in Unarmed Combat
 12045 | D:9      | Reached skill level 1 in Air Magic
 12453 | D:9      | Reached XP level 11. HP: 68/72 MP: 14/19
 12560 | D:9      | Found a staircase to the Orcish Mines.
 13730 | D:9      | Noticed a centaur warrior
 13730 | D:9      | Noticed a boulder beetle
 13730 | D:9      | Noticed a cyclops
 13730 | D:9      | Noticed a centaur warrior
 13730 | D:9      | Noticed a boulder beetle
 13730 | D:9      | Noticed a boulder beetle
 13752 | D:10     | Entered Level 10 of the Dungeon
 13775 | D:10     | Found a portal to a secret trove of treasure.
 13925 | D:10     | Found a staircase to the Lair.
 14813 | Orc:1    | Entered Level 1 of the Orcish Mines
 14824 | Orc:1    | Reached skill level 9 in Unarmed Combat
 15057 | Orc:1    | Noticed an orc knight
 15300 | D:9      | Killed an orc knight
 15301 | D:9      | Reached skill level 1 in Evocations
 15624 | D:9      | HP: 1/86 [centaur warrior/arrow (23)]
 15977 | Lair:1   | Entered Level 1 of the Lair of Beasts
 16483 | Lair:1   | HP: 4/86 [komodo dragon (22)]
 16649 | Lair:1   | Learned a level 3 spell: Mephitic Cloud
 16653 | Lair:1   | Learned a level 3 spell: Swiftness
 16833 | Lair:1   | Reached XP level 12. HP: 79/79 MP: 9/21
 17149 | Lair:1   | Reached skill level 5 in Air Magic
 17222 | Lair:1   | Found an ancient bone altar of Kikubaaqudgha.
 17538 | Lair:1   | Reached skill level 1 in Conjurations
 17587 | Lair:1   | Noticed a seven-headed hydra
 18012 | Lair:1   | Killed a seven-headed hydra
 18253 | Lair:1   | Noticed an anaconda
 18264 | Lair:1   | Killed an anaconda
 18341 | Lair:1   | Noticed a seven-headed hydra
 18394 | Lair:1   | Killed a seven-headed hydra
 18562 | Lair:1   | Noticed a dire elephant
 18734 | Lair:1   | Identified a scroll of acquirement
 18734 | Lair:1   | Acquired the ring of Qaucvih {rF++ Str+6}
 19041 | Lair:1   | Killed a dire elephant
 19285 | Lair:1   | Noticed an alligator
 19333 | Lair:1   | Noticed an anaconda
 19724 | Lair:1   | Killed an anaconda
 19725 | Lair:1   | Reached skill level 10 in Unarmed Combat
 19999 | Lair:2   | Noticed Urug
 20017 | Lair:2   | Killed Urug
 20166 | D:10     | Bought the amulet "Ziosoxt" {Reflect Rampage Will++ Int-2
                  | Slay+3 SH+5} for 914 gold pieces
 20940 | Lair:2   | Found a staircase to the Swamp.
 20940 | Lair:2   | Noticed a five-headed hydra
 21086 | Lair:2   | Reached XP level 13. HP: 85/85 MP: 19/23
 21549 | Lair:3   | Noticed Gastronok
 22964 | Lair:3   | Reached skill level 11 in Unarmed Combat
 23479 | Lair:3   | Reached skill level 5 in Evocations
 24162 | Lair:3   | Found a hole to the Spider Nest.
 24192 | Lair:3   | Reached XP level 14. HP: 93/93 MP: 20/25
 24402 | Lair:3   | Found a radiant altar of Vehumet.
 24971 | Orc:1    | Noticed Fannar
 24988 | Orc:1    | Killed Fannar
 25302 | Orc:2    | Entered Level 2 of the Orcish Mines
 26056 | Orc:2    | Noticed Sonja
 26064 | Orc:2    | Cast into level 2 of the Abyss (Sonja)
 26189 | Abyss:2  | Noticed a starcursed mass
 26258 | Abyss:2  | Gained mutation: You tend to lose your temper in combat. [a
                  | neqoxec]
 26281 | Abyss:2  | Noticed a tentacled monstrosity
 26314 | Abyss:2  | HP: 1/93 [green death/bolt of poison (27)]
 26315 | Abyss:2  | Succumbed to a green death's bolt of poison

Illustrated notes

Levels and vault maps discovered:
D:1:      matt_arrival_diagonals, layout_basic,
          ebering_ecumenical_altar_abandoned, hangedman_glass_teeth
D:2:      layout_basic
D:3:      layout_basic, grunt_qazlal_clouds, minmay_mini_jars, uniq_ijyb
D:4:      layout_loops_ring, tgw_sif
D:5:      layout_rooms, serial_curves, eino_curves_02, eino_curves_02,
          eino_curves_02, eino_curves_02, st_stairs_4, minmay_misc_feat_plants,
          uniq_sigmund
D:6:      layout_layer_cave, minmay_fractal_squares_5
D:7:      layout_basic, minmay_temple_entry_junction,
          hangedman_abyss_or_decor_passed
D:8:      hellmonk_ruined_rings, layout_basic, nicolae_overflow_hidden_temple,
          nicolae_ossuary_entry_plus, special_room [special_room_kobold],
          solitary_fountain, minivault_24, nicolae_lava_and_water
D:9:      minmay_shrinking_squares, layout_layer_cave, orc_0_dummy
D:10:     layout_irregular_city, erik_lair_orcish_takeover, enter_trove_2
Temple:   eino_temple_rhombus
Lair:1:   layout_loops_ring, basic_altar, nicolae_lair_lakeside_cave,
          grunt_megastairs_1
Lair:2:   layout_roguey, minmay_swamp_entry_wisps, infiniplex_staircase_pool,
          lemuel_fruit_fields, uniq_urug
Lair:3:   nzn_winding_woodlands_huge [nzn_winding_woodlands_5x15_pathside_ponds,
          nzn_winding_woodlands_5x15_split_checker,
          nzn_winding_woodlands_5x15_lazy_stream,
          nzn_winding_woodlands_5x15_pool, nzn_winding_woodlands_5x15_longhouse,
          nzn_winding_woodlands_5x15_pockets, nzn_winding_woodlands_5x15_twine,
          nzn_winding_woodlands_5x15_sawtooth,
          nzn_winding_woodlands_5x15_default,
          nzn_winding_woodlands_5x15_concentric,
          nzn_winding_woodlands_center_pierced_h,
          nzn_winding_woodlands_center_lodge,
          nzn_winding_woodlands_15x15_five_gardens], layout_regular_city,
          spider_nest_entry_web_field, lemuel_centaur_altar, uniq_gastronok
Orc:1:    layout_diamond_mine, lightli_orcish_oven, uniq_fannar
Orc:2:    pubby_orc_utopia, uniq_sonja
Abyss:2:  base: D:3, hangedman_cross_veins, hangedman_cross_veins,
          evilmike_abyss_exit_13

Skill      XL: |  1  2  3  4  5  6  7  8  9 10 11 12 13 14 |
---------------+-------------------------------------------+-----
Poison Magic   | 1 2 3 4 5 6 7 8 |  8.0
Unarmed Combat | 4 5 6 7 8 9 10 11 | 11.5
Fighting       | 2 3 4 5 6 7 |  7.9
Dodging        | 3 4 5 6 7 8 |  8.1
Transmutations | 3 4 5 6 7 8 |  8.0
Ice Magic      | 1 2 4 5 6 7 8 |  8.7
Spellcasting   | 3 4 5 6 7 |  7.4
Air Magic      | 2 4 6 8 |  8.2
Evocations     | 2 3 5 |  5.4
Conjurations   | 2 4 |  4.4

Action                   |  1- 3 |  4- 6 |  7- 9 | 10-12 | 13-15 || total
-------------------------+-------+-------+-------+-------+-------++-------
Melee: Unarmed           |    72 |   146 |   318 |   521 |   416 ||  1473
       Tentacles         |    11 |    22 |    40 |    11 |     6 ||    90
       Constrict         |    17 |    27 |    34 |     3 |     5 ||    86
       Punch             |     2 |     1 |    12 |     5 |     3 ||    23
 Cast: Spider Form       |       |     5 |     8 |     4 |       ||    17
       Wereblood         |       |     1 |     5 |    14 |    13 ||    33
       Ice Form          |       |       |    10 |    46 |    39 ||    95
       Mephitic Cloud    |       |       |       |     8 |       ||     8
       Swiftness         |       |       |       |     1 |       ||     1
Invok: Call Merchant     |       |       |       |     2 |       ||     2
Evoke: Wand              |       |       |     3 |     3 |       ||     6
  Use: Potion            |     2 |       |     1 |       |     1 ||     4
       Scroll            |       |       |       |    24 |     1 ||    25
 Stab: Sleeping          |     3 |     8 |     3 |     1 |     2 ||    17
       Distracted        |       |       |     1 |     1 |     6 ||     8
       Confused          |       |       |       |     5 |       ||     5
Armor: Skin              |     5 |    25 |    80 |   135 |    96 ||   341
Dodge: Dodged            |    58 |    81 |   217 |   216 |   177 ||   749
Block: Other             |       |       |    21 |   106 |    70 ||   197
       Reflection        |       |       |       |     4 |     3 ||     7
